 Dungeon Crawl Stone Soup version 0.27-a0-965-gbf8bb431c4 (webtiles) character file.

Game seed: 17802990087027148973

34 robertstho the Ducker (level 3, -1/26 HPs)
             Began as an Octopode Berserker on Apr 12, 2021.
             Was a Follower of Trog.
             Slain by a gnoll
             ... wielding a +2 spear of freezing
              (7 damage)
             ... on level 2 of the Dungeon.
             The game lasted 00:00:53 (1051 turns).

robertstho the Ducker (Octopode Berserker)          Turns: 1051, Time: 00:00:53

Health: -1/26      AC:  1    Str: 16    XL:     3   Next: 31%
Magic:  3/3        EV: 14    Int:  9    God:    Trog [*.....]
Gold:   52         SH:  0    Dex: 12    Spells: 2/2 levels left

rFire    . . .     SeeInvis .   a - +0 spear
rCold    . . .     Faith    .   (no shield)
rNeg     . . .     Spirit   .   (helmet restricted)
rPois    .         Reflect  .   (no amulet)
rElec    .         Harm     .   (no ring)
rCorr    .         Rampage  .   (no ring)
Will     .....                  (no ring)
Stlth    +++.......             (no ring)
HPRegen  0.08/turn              (no ring)
MPRegen  0.08/turn              (no ring)
                                (no ring)
                                (no ring)

@: no status effects
A: almost no armour, amphibious, 8 rings, camouflage 1, gelatinous body 1,
(nimble swimmer 1), tentacles
a: Renounce Religion, Berserk


You were on level 2 of the Dungeon.
You worshipped Trog.
Trog was aware of your devotion.
You visited 1 branch of the dungeon, and saw 2 of its levels.

You collected 52 gold pieces.

Inventory:

Hand Weapons
 a - a +0 spear (weapon)
Scrolls
 b - a scroll of enchant weapon {unknown}
 f - a scroll of brand weapon {unknown}
 g - 2 scrolls of identify {unknown}
 h - a scroll of teleportation {unknown}
Potions
 c - a potion of haste {unknown}
 d - a potion of magic {unknown}
 e - a potion of might {unknown}


   Skills:
 + Level 3.3 Fighting
 + Level 3.4 Polearms
 + Level 3.4 Dodging
 + Level 1.1 Stealth


You had 2 spell levels left.
You didn't know any spells.
Your spell library was empty.

Dungeon Overview and Level Annotations

Branches:
Dungeon (2/15)

Altars:
Sif Muna


Innate Abilities, Weirdness & Mutations

You cannot wear most types of armour.
You are amphibious.
You can wear up to eight rings at the same time.
Your skin changes colour to match your surroundings (Stealth+).
Your rubbery body absorbs attacks. (AC +1, EV +1)
((You are camouflaged near water. (Stealth+)))
You have tentacles for arms and can constrict up to eight enemies at once.


Message History

You kill the goblin!
Trog accepts your kill. The gnoll misses you.
You closely miss the bat. You grab the bat. You constrict the bat.
The bat completely misses you.
The bat struggles to escape constriction.
The bat escapes!
The gnoll closely misses you.
You hit the endoplasm. You squeeze the endoplasm.
You kill the endoplasm!
Trog accepts your kill. The bat closely misses you.
The gnoll closely misses you. The gnoll completely misses you.
You reach to attack!
You closely miss the gnoll. The bat hits you but does no damage.
The gnoll hits you from afar with a +2 spear of freezing!
The gnoll freezes you.
* * * LOW HITPOINT WARNING * * *
The gnoll closely misses you.
You are too injured to fight recklessly!
You are too injured to fight recklessly!
You are too injured to fight recklessly!
You are too injured to fight recklessly!
You are too injured to fight recklessly!
You are too injured to fight recklessly!
You are too injured to fight recklessly!
You are too injured to fight recklessly!
You are too injured to fight recklessly!
You are too injured to fight recklessly!
You are too injured to fight recklessly!
You are too injured to fight recklessly!
You are too injured to fight recklessly!
You are too injured to fight recklessly!
You are too injured to fight recklessly!
You are too injured to fight recklessly!
Unknown command.
The bat barely misses you. The bat completely misses you.
The bat closely misses you.
The gnoll hits you from afar with a +2 spear of freezing!
You die...

............
#..._....#
##.....†..##
..?...)....# #.#
..##.#.....##.#.#
#........).#.#
###..ggb####.#
#...g..# #.#
#....†@###.#
+.......##.#
#.....#.##.##
#####.......#
##########.#..#
#..........#..#
#..........#..#
#.............#
#.........#.#.#


You could see 3 gnolls and a bat.

Vanquished Creatures
  An adder zombie (D:2)
  A worm (D:2)
  A dart slug (D:2)
  A ball python (D:2)
  An endoplasm (D:2)
  3 giant cockroaches (D:1)
  2 goblins
  A hobgoblin (D:1)
  5 kobolds
  5 bats
  A frilled lizard (D:1)
  4 rats
26 creatures vanquished.

Notes
Turn   | Place    | Note
-------+----------+-------------------------------------------
     0 | D:1      | robertstho the Octopode Berserker began the quest for the
                  | Orb.
     0 | D:1      | Reached XP level 1. HP: 16/16 MP: 1/1
   293 | D:1      | Reached XP level 2. HP: 21/21 MP: 2/2
  1025 | D:2      | Reached XP level 3. HP: 19/26 MP: 3/3
  1029 | D:2      | Found a shimmering blue altar of Sif Muna.
  1036 | D:2      | Reached skill level 1 in Stealth
  1051 | D:2      | Slain by a gnoll

Illustrated notes

Levels and vault maps discovered:
D:1:      amcnicky_arrival_abandoned_market, layout_basic
D:2:      layout_basic, basic_altar

Skill      XL: |  1  2  3 |
---------------+----------+-----
Stealth        | 1 |  1.1
Fighting       | |  3.3
Polearms       | |  3.4
Dodging        | |  3.4

Action                   || total
-------------------------++-------
Melee: Spear             ||    69
       Constrict         ||    12
       Tentacles         ||    10
 Stab: Sleeping          ||     8
       Distracted        ||     1
Armor: Skin              ||     6
Dodge: Dodged            ||    36

Table legend: (Time is in decaauts)
 A = Elapsed time spent in this place.
 B = Non-inter-level travel time spent in this place.
 C = Inter-level travel time spent in this place.
 D = Time resting spent in this place.
 E = Time spent auto-exploring this place.
 F = Levels seen in this place.
 G = Mean time per level.
                   A        B        C        D        E       F      G
               +--------+--------+--------+--------+--------+-----+--------+
         Total |   1045 |    993 |     52 |      0 |    840 |   2 |  522.5 |
       Dungeon |   1045 |    993 |     52 |      0 |    840 |   2 |  522.5 |
               +--------+--------+--------+--------+--------+-----+--------+

Top non-repeatable levels by time:
     D:1: 848 daAuts
     D:2: 197 daAuts
